[ AOE2 MATCH · #504846390 ]
UnrankedMagyars vs Burmese
Player's team · WIN
Rival team · LOSS
[ REPLAY ANALYSIS · EXTRACTED FROM THE RECORDED GAME ]
Feudal
24:17
Castle
27:54
Imperial
35:38
| APM avg | 62.4 |
| APM peak | 109 |
| eAPM avg | 33.6 |
| Villagers / military | 240 / 308 |
Focus
⚔️ 44.5% · 🌾 55.5%
Cavalry Archer ×138 · Scout Cavalry ×92 · Magyar Huszar ×48 · Trebuchet (Packed) ×13 · Militia ×9 · Fishing Ship ×7
Feudal
25:38
Castle
31:32
Imperial
35:34
| APM avg | 55.0 |
| APM peak | 95 |
| eAPM avg | 36.4 |
| Villagers / military | 196 / 343 |
Focus
⚔️ 46.6% · 🌾 53.4%
Spearman ×108 · Skirmisher ×97 · Scout Cavalry ×61 · Arambai ×23 · Fishing Ship ×22 · Bombard Cannon ×18
Match map
Initial resources + every placement click. Lines = walls · curves = elevation contours. ◆ gold · ⬟ stone · ● berries · ✦ relic · ◌ wall gap
Your base· ✓ Closed at 27:54 · 48t walls · no gate
Noszombie's base· ✓ Closed at 31:32 · 83t walls · no gate
Smoothed initial terrain · ◌ = detected wall gap · hover for details
Inputs per minute
— Macluffy - - Noszombie
Build order — Macluffy
First 150 of 795 actions detected
| 0:01 | Create | Villager (Male) |
| 0:02 | Build | House |
| 0:03 | Build | House |
| 0:09 | Research | Loom |
| 0:20 | Create | Villager (Male) |
| 0:33 | Create | Villager (Male) |
| 0:38 | Create | Villager (Male) |
| 1:56 | Create | Villager (Male) |
| 2:50 | Create | Villager (Male) |
| 3:00 | Build | Palisade Wall |
| 3:17 | Create | Villager (Male) |
| 4:01 | Create | Villager (Male) |
| 4:01 | Create | Villager (Male) |
| 4:04 | Build | House |
| 4:48 | Build | House |
| 4:50 | Build | House |
| 4:55 | Create | Villager (Male) |
| 4:59 | Create | Villager (Male) |
| 5:18 | Create | Villager (Male) |
| 5:23 | Create | Villager (Male) |
| 5:43 | Create | Villager (Male) |
| 6:28 | Create | Villager (Male) |
| 6:50 | Create | Villager (Male) |
| 7:23 | Create | Villager (Male) |
| 7:27 | Build | Lumber Camp |
| 7:50 | Create | Villager (Male) |
| 7:59 | Create | Villager (Male) |
| 8:34 | Create | Villager (Male) |
| 9:00 | Create | Villager (Male) |
| 9:23 | Create | Villager (Male) |
| 9:31 | Build | House |
| 10:06 | Build | Mill |
| 10:12 | Create | Villager (Male) |
| 10:30 | Create | Villager (Male) |
| 10:36 | Build | Palisade Gate |
| 11:13 | Create | Villager (Male) |
| 11:41 | Create | Villager (Male) |
| 11:43 | Create | Villager (Male) |
| 11:52 | Create | Villager (Male) |
| 12:02 | Build | Mill |
| 12:14 | Create | Villager (Male) |
| 12:53 | Build | Farm |
| 12:54 | Build | Farm |
| 12:55 | Build | Farm |
| 13:11 | Create | Villager (Male) |
| 13:15 | Build | House |
| 13:18 | Create | Villager (Male) |
| 13:42 | Create | Villager (Male) |
| 13:47 | Build | Palisade Gate |
| 13:51 | Build | House |
| 13:58 | Create | Villager (Male) |
| 14:02 | Create | Villager (Male) |
| 14:14 | Create | Villager (Male) |
| 14:35 | Create | Villager (Male) |
| 14:42 | Create | Villager (Male) |
| 14:52 | Build | Palisade Wall |
| 14:59 | Build | Palisade Wall |
| 15:00 | Build | Palisade Wall |
| 15:03 | Build | Barracks |
| 15:04 | Build | Palisade Wall |
| 15:17 | Create | Villager (Male) |
| 15:34 | Build | Mining Camp |
| 15:47 | Create | Villager (Male) |
| 16:02 | Create | Villager (Male) |
| 16:03 | Build | House |
| 16:11 | Create | Villager (Male) |
| 16:15 | Build | House |
| 16:16 | Create | Militia |
| 16:16 | Create | Militia |
| 16:31 | Build | House |
| 16:36 | Create | Villager (Male) |
| 16:39 | Create | Militia |
| 16:39 | Create | Militia |
| 16:47 | Build | Farm |
| 16:55 | Create | Villager (Male) |
| 17:06 | Create | Villager (Male) |
| 17:18 | Build | Palisade Wall |
| 17:19 | Build | Palisade Wall |
| 17:20 | Build | Palisade Wall |
| 17:22 | Create | Militia |
| 17:29 | Build | Farm |
| 17:30 | Build | Farm |
| 17:32 | Create | Militia |
| 17:32 | Create | Villager (Male) |
| 17:46 | Build | Palisade Wall |
| 17:47 | Build | Palisade Wall |
| 17:48 | Build | Palisade Wall |
| 17:57 | Create | Militia |
| 17:58 | Create | Villager (Male) |
| 18:15 | Build | Farm |
| 18:17 | Build | Farm |
| 18:20 | Build | Palisade Wall |
| 18:24 | Build | Palisade Wall |
| 18:25 | Build | Palisade Wall |
| 18:26 | Build | Palisade Wall |
| 18:29 | Build | House |
| 18:32 | Create | Villager (Male) |
| 18:35 | Build | Palisade Wall |
| 18:36 | Build | Palisade Wall |
| 18:46 | Build | Farm |
| 18:52 | Build | Palisade Wall |
| 18:53 | Build | Palisade Wall |
| 18:56 | Build | Palisade Wall |
| 18:58 | Build | Palisade Wall |
| 19:00 | Build | Palisade Wall |
| 19:03 | Build | House |
| 19:04 | Create | Villager (Male) |
| 19:23 | Create | Villager (Male) |
| 19:27 | Create | Villager (Male) |
| 19:29 | Build | Palisade Wall |
| 19:30 | Build | Palisade Wall |
| 19:33 | Build | Palisade Wall |
| 19:35 | Create | Villager (Male) |
| 19:42 | Build | Palisade Wall |
| 19:51 | Build | Farm |
| 19:53 | Create | Militia |
| 19:56 | Create | Villager (Male) |
| 20:07 | Build | Palisade Wall |
| 20:08 | Build | Palisade Wall |
| 20:11 | Build | Palisade Wall |
| 20:16 | Build | Farm |
| 20:21 | Build | Dock |
| 20:36 | Create | Militia |
| 20:37 | Create | Villager (Male) |
| 20:57 | Create | Villager (Male) |
| 20:59 | Build | Farm |
| 21:04 | Build | Lumber Camp |
| 21:17 | Build | House |
| 21:24 | Create | Fishing Ship |
| 21:36 | Build | Farm |
| 21:53 | Research | Feudal Age |
| 21:55 | Create | Fishing Ship |
| 22:07 | Build | House |
| 22:33 | Build | House |
| 22:41 | Create | Fishing Ship |
| 23:14 | Build | Farm |
| 23:33 | Create | Villager (Male) |
| 23:50 | Create | Fishing Ship |
| 23:58 | Create | Villager (Male) |
| 24:17 | Age | Feudal Age |
| 24:24 | Build | Market |
| 24:26 | Build | Blacksmith |
| 24:35 | Create | Fishing Ship |
| 24:48 | Build | Farm |
| 24:59 | Build | Mining Camp |
| 25:14 | Research | Castle Age |
| 25:22 | Create | Fishing Ship |
| 25:28 | Research | Double-Bit Axe |
| 25:28 | Research | Double-Bit Axe |
| 25:28 | Research | Horse Collar |
Build order — Noszombie
First 150 of 884 actions detected
| 0:01 | Create | Villager (Male) |
| 0:01 | Create | Villager (Male) |
| 0:02 | Build | House |
| 0:04 | Build | House |
| 0:05 | Create | Villager (Male) |
| 0:12 | Create | Villager (Male) |
| 0:37 | Research | Loom |
| 0:38 | Create | Villager (Male) |
| 0:39 | Create | Villager (Male) |
| 1:59 | Create | Villager (Male) |
| 2:00 | Create | Villager (Male) |
| 2:41 | Create | Villager (Male) |
| 2:41 | Create | Villager (Male) |
| 3:09 | Create | Villager (Male) |
| 3:10 | Create | Villager (Male) |
| 3:10 | Create | Villager (Male) |
| 3:47 | Create | Villager (Male) |
| 3:47 | Create | Villager (Male) |
| 4:48 | Create | Villager (Male) |
| 4:52 | Create | Villager (Male) |
| 5:22 | Create | Villager (Male) |
| 5:22 | Create | Villager (Male) |
| 5:43 | Build | House |
| 5:47 | Create | Villager (Male) |
| 5:48 | Create | Villager (Male) |
| 6:20 | Create | Villager (Male) |
| 6:20 | Create | Villager (Male) |
| 6:36 | Create | Villager (Male) |
| 6:36 | Create | Villager (Male) |
| 7:45 | Create | Villager (Male) |
| 7:50 | Create | Villager (Male) |
| 7:50 | Create | Villager (Male) |
| 8:07 | Create | Villager (Male) |
| 8:13 | Build | House |
| 8:29 | Create | Villager (Male) |
| 8:29 | Create | Villager (Male) |
| 8:39 | Build | Lumber Camp |
| 8:53 | Create | Villager (Male) |
| 8:53 | Create | Villager (Male) |
| 8:53 | Create | Villager (Male) |
| 9:02 | Create | Villager (Male) |
| 9:39 | Build | Palisade Wall |
| 9:44 | Build | Palisade Wall |
| 10:03 | Create | Villager (Male) |
| 10:18 | Build | Mill |
| 10:32 | Build | Palisade Wall |
| 10:36 | Build | Palisade Wall |
| 11:08 | Create | Villager (Male) |
| 11:22 | Create | Villager (Male) |
| 11:52 | Create | Villager (Male) |
| 12:12 | Create | Villager (Male) |
| 12:12 | Create | Villager (Male) |
| 12:22 | Build | House |
| 12:31 | Create | Villager (Male) |
| 13:00 | Create | Villager (Male) |
| 13:00 | Create | Villager (Male) |
| 13:14 | Build | Dock |
| 13:19 | Create | Villager (Male) |
| 13:29 | Build | Palisade Wall |
| 13:33 | Build | Palisade Wall |
| 13:35 | Build | Palisade Wall |
| 13:49 | Build | Palisade Gate |
| 13:55 | Build | Palisade Wall |
| 14:06 | Build | Palisade Wall |
| 14:14 | Create | Villager (Male) |
| 14:21 | Build | Palisade Wall |
| 14:44 | Create | Villager (Male) |
| 14:44 | Create | Villager (Male) |
| 14:44 | Create | Villager (Male) |
| 14:57 | Create | Fishing Ship |
| 14:58 | Create | Fishing Ship |
| 15:00 | Create | Villager (Male) |
| 15:07 | Build | Palisade Wall |
| 15:10 | Build | House |
| 15:36 | Build | House |
| 15:46 | Create | Villager (Male) |
| 15:46 | Create | Villager (Male) |
| 15:53 | Build | Palisade Wall |
| 16:20 | Create | Villager (Male) |
| 16:25 | Create | Villager (Male) |
| 16:27 | Create | Fishing Ship |
| 16:27 | Create | Fishing Ship |
| 16:58 | Build | House |
| 17:00 | Create | Villager (Male) |
| 17:00 | Create | Villager (Male) |
| 17:01 | Create | Villager (Male) |
| 17:36 | Create | Villager (Male) |
| 17:36 | Create | Villager (Male) |
| 17:37 | Create | Fishing Ship |
| 17:46 | Create | Villager (Male) |
| 17:57 | Build | Palisade Wall |
| 17:58 | Create | Villager (Male) |
| 18:14 | Build | House |
| 18:19 | Create | Villager (Male) |
| 18:20 | Create | Villager (Male) |
| 18:22 | Build | House |
| 18:31 | Create | Fishing Ship |
| 18:31 | Create | Fishing Ship |
| 18:40 | Build | Palisade Wall |
| 18:42 | Build | Palisade Wall |
| 18:44 | Build | Palisade Wall |
| 18:48 | Create | Villager (Male) |
| 19:09 | Build | Lumber Camp |
| 19:24 | Create | Villager (Male) |
| 19:30 | Create | Villager (Male) |
| 19:31 | Create | Fishing Ship |
| 19:56 | Create | Fishing Ship |
| 19:59 | Create | Villager (Male) |
| 20:00 | Create | Villager (Male) |
| 20:04 | Create | Villager (Male) |
| 20:18 | Build | Farm |
| 20:26 | Build | Lumber Camp |
| 20:27 | Create | Villager (Male) |
| 20:27 | Create | Villager (Male) |
| 20:32 | Create | Villager (Male) |
| 20:49 | Create | Villager (Male) |
| 20:50 | Create | Fishing Ship |
| 21:10 | Build | Farm |
| 21:20 | Build | Farm |
| 21:23 | Build | Farm |
| 21:24 | Create | Villager (Male) |
| 21:26 | Build | Farm |
| 21:28 | Build | Farm |
| 21:51 | Build | Lumber Camp |
| 22:05 | Build | Farm |
| 22:16 | Create | Villager (Male) |
| 22:28 | Build | Mining Camp |
| 22:42 | Build | House |
| 22:49 | Build | Farm |
| 23:07 | Build | Dock |
| 23:21 | Build | Outpost |
| 23:28 | Research | Feudal Age |
| 23:29 | Research | Feudal Age |
| 23:29 | Research | Feudal Age |
| 23:34 | Build | Mining Camp |
| 23:49 | Build | Farm |
| 24:04 | Build | House |
| 24:07 | Create | Villager (Male) |
| 24:08 | Create | Villager (Male) |
| 24:32 | Create | Villager (Male) |
| 24:37 | Build | Palisade Wall |
| 24:39 | Create | Villager (Male) |
| 25:09 | Create | Villager (Male) |
| 25:09 | Create | Villager (Male) |
| 25:34 | Create | Villager (Male) |
| 25:38 | Age | Feudal Age |
| 25:42 | Build | Stone Wall |
| 25:44 | Build | Stone Wall |
| 25:46 | Create | Villager (Male) |
| 25:51 | Build | Stone Wall |
Match timeline
| 3:00 | Macluffy · wall_segment Palisade Wall x15 |
| 9:39 | Noszombie · wall_segment Palisade Wall x1 |
| 9:44 | Noszombie · wall_segment Palisade Wall x1 |
| 10:32 | Noszombie · wall_segment Palisade Wall x1 |
| 10:36 | Noszombie · wall_segment Palisade Wall x1 |
| 13:14 | Noszombie · first_building Dock |
| 13:29 | Noszombie · wall_segment Palisade Wall x1 |
| 13:33 | Noszombie · wall_segment Palisade Wall x1 |
| 13:35 | Noszombie · wall_segment Palisade Wall x1 |
| 13:55 | Noszombie · wall_segment Palisade Wall x1 |
| 14:06 | Noszombie · wall_segment Palisade Wall x1 |
| 14:21 | Noszombie · wall_segment Palisade Wall x1 |
| 14:52 | Macluffy · wall_segment Palisade Wall x6 |
| 14:59 | Macluffy · wall_segment Palisade Wall x1 |
| 15:00 | Macluffy · wall_segment Palisade Wall x1 |
| 15:03 | Macluffy · first_building Barracks |
| 15:04 | Macluffy · wall_segment Palisade Wall x1 |
| 15:07 | Noszombie · wall_segment Palisade Wall x1 |
| 15:53 | Noszombie · wall_segment Palisade Wall x1 |
| 17:18 | Macluffy · wall_segment Palisade Wall x1 |
| 17:19 | Macluffy · wall_segment Palisade Wall x1 |
| 17:20 | Macluffy · wall_segment Palisade Wall x1 |
| 17:46 | Macluffy · wall_segment Palisade Wall x1 |
| 17:47 | Macluffy · wall_segment Palisade Wall x1 |
| 17:48 | Macluffy · wall_segment Palisade Wall x1 |
| 17:57 | Noszombie · wall_segment Palisade Wall x5 |
| 18:20 | Macluffy · wall_segment Palisade Wall x1 |
| 18:24 | Macluffy · wall_segment Palisade Wall x1 |
| 18:25 | Macluffy · wall_segment Palisade Wall x1 |
| 18:26 | Macluffy · wall_segment Palisade Wall x1 |
| 18:35 | Macluffy · wall_segment Palisade Wall x1 |
| 18:36 | Macluffy · wall_segment Palisade Wall x1 |
| 18:40 | Noszombie · wall_segment Palisade Wall x5 |
| 18:42 | Noszombie · wall_segment Palisade Wall x5 |
| 18:44 | Noszombie · wall_segment Palisade Wall x4 |
| 18:52 | Macluffy · wall_segment Palisade Wall x1 |
| 18:53 | Macluffy · wall_segment Palisade Wall x1 |
| 18:56 | Macluffy · wall_segment Palisade Wall x1 |
| 18:58 | Macluffy · wall_segment Palisade Wall x1 |
| 19:00 | Macluffy · wall_segment Palisade Wall x1 |
| 19:29 | Macluffy · wall_segment Palisade Wall x1 |
| 19:30 | Macluffy · wall_segment Palisade Wall x1 |
| 19:33 | Macluffy · wall_segment Palisade Wall x1 |
| 19:42 | Macluffy · wall_segment Palisade Wall x1 |
| 20:07 | Macluffy · wall_segment Palisade Wall x1 |
| 20:08 | Macluffy · wall_segment Palisade Wall x1 |
| 20:11 | Macluffy · wall_segment Palisade Wall x1 |
| 20:21 | Macluffy · first_building Dock |
| 24:17 | Macluffy · age_up feudal |
| 24:37 | Noszombie · wall_segment Palisade Wall x7 |
| 25:38 | Noszombie · age_up feudal |
| 25:42 | Noszombie · wall_segment Stone Wall x7 |
| 25:44 | Noszombie · wall_segment Stone Wall x1 |
| 25:51 | Noszombie · wall_segment Stone Wall x2 |
| 25:51 | Noszombie · wall_segment Stone Wall x4 |
| 25:56 | Noszombie · wall_segment Stone Wall x4 |
| 25:58 | Noszombie · wall_segment Stone Wall x7 |
| 27:40 | Macluffy · first_market_buy 100 stone |
| 27:54 | Macluffy · age_up castle |
| 28:05 | Macluffy · first_building Castle |
| 28:11 | Noszombie · wall_segment Stone Wall x9 |
| 28:33 | Noszombie · first_market_buy 100 food |
| 29:02 | Noszombie · wall_segment Stone Wall x6 |
| 29:03 | Macluffy · first_market_sell 100 food |
| 29:06 | Macluffy · first_building Monastery |
| 29:42 | Noszombie · wall_segment Stone Wall x7 |
| 29:45 | Noszombie · wall_segment Stone Wall x4 |
| 30:26 | Noszombie · wall_segment Stone Wall x9 |
| 31:32 | Noszombie · age_up castle |
| 31:35 | Noszombie · first_building Monastery |
| 32:53 | Noszombie · first_building Siege Workshop |
| 33:04 | Noszombie · first_building Castle |
| 33:16 | Macluffy · first_building Archery Range |
| 35:34 | Noszombie · age_up imperial |
| 35:38 | Macluffy · age_up imperial |
| 35:49 | Noszombie · first_market_sell 100 food |
| 36:06 | Noszombie · first_building Barracks |
| 36:59 | Macluffy · first_building Stable |
| 40:19 | Noszombie · wall_segment Stone Wall x3 |
| 40:21 | Noszombie · wall_segment Stone Wall x1 |
| 41:07 | Noszombie · first_building Archery Range |
| 45:58 | Noszombie · wall_segment Stone Wall x1 |
| 45:59 | Noszombie · wall_segment Stone Wall x1 |
| 50:14 | Macluffy · first_building Siege Workshop |
| 50:58 | Noszombie · wall_segment Stone Wall x6 |
| 52:35 | Macluffy · wall_segment Stone Wall x1 |
| 53:25 | Noszombie · first_building Stable |
| 53:55 | Macluffy · wall_segment Stone Wall x4 |
| 62:02 | Noszombie · resign |
[ AI ANALYSIS · 1 CREDIT ]
What really happened in this match?
Wolo.gg analyzes every decision: build order, eco, micro, common mistakes by bracket. Personalized analysis on WhatsApp or Discord in 30 seconds.
Civ guide
Magyars
Perfil
Macluffy